 Dungeon Crawl Stone Soup version 0.18.1-48-g4cf74bf (webtiles) character file.

426 Heedrag the Conjurer (level 6, -5/32 HPs)
             Began as a Deep Elf Conjurer on Aug 29, 2016.
             Was a Follower of Vehumet.
             Killed from afar by an orc wizard (8 damage)
             ... with a puff of flame
             ... on level 4 of the Dungeon.
             The game lasted 00:06:49 (2726 turns).

Heedrag the Conjurer (Deep Elf Conjurer)            Turns: 2726, Time: 00:06:50

Health: -5/32      AC:  4    Str:  7    XL:     6   Next: 64%
Magic:  0/16       EV: 13    Int: 20    God:    Vehumet [*.....]
Gold:   144        SH:  0    Dex: 15    Spells: 3 memorised, 6 levels left

rFire  . . .     SeeInvis .     t - +0 trident (pierce)
rCold  . . .     Gourm    .     a - +0 robe
rNeg   . . .     Faith    +     (no shield)
rPois  .         Spirit   .     (no helmet)
rElec  .         Dismiss  .     (no cloak)
rCorr  .         Reflect  .     (no gloves)
SustAt .         Harm     .     (no boots)
MR     .....                    w - amulet of faith
Stlth  +++.......               v - ring of stealth
                                l - +2 ring of protection

@: not resistant to hostile enchantments, fairly stealthy
A: no striking features
a: Renounce Religion


You were on level 4 of the Dungeon.
You worshipped Vehumet.
Vehumet was aware of your devotion.
You were not hungry.

You visited 1 branch of the dungeon, and saw 4 of its levels.

You collected 144 gold pieces.

Inventory:

Hand Weapons
 d - a +0 mace
 t - a +0 trident of piercing (weapon)
Armour
 a - a +0 robe (worn)
Jewellery
 l - a +2 ring of protection (left hand)
 v - a ring of stealth (right hand)
 w - an amulet of faith (around neck)
Scrolls
 f - 2 scrolls of recharging {unknown}
 i - a scroll of amnesia {unknown}
 k - 3 scrolls of identify {unknown}
 n - a scroll of random uselessness {unknown}
 r - 2 scrolls of remove curse {unknown}
 x - a scroll of enchant armour {unknown}
 y - a scroll of noise {unknown}
Potions
 e - 6 potions of lignification {unknown}
 h - a potion of agility {unknown}
 j - a potion of cure mutation {unknown}
 m - a potion of magic {unknown}
 p - a potion of berserk rage {unknown}
 q - 2 potions of curing {unknown}
 u - 2 potions of invisibility {unknown}
 A - a potion of flight {unknown}
Books
 b - a book of Conjurations

   Spells                             Type                      Level
   a - Magic Dart                     Conjuration                  1
   b - Searing Ray                    Conjuration                  2
   c - Dazzling Spray                 Conjuration/Hexes            3
   d - Fulminant Prism                Conjuration/Hexes            4
   e - Iskenderun's Mystic Blast      Conjuration                  4
   f - Iskenderun's Battlesphere      Conjuration/Charms           5
Comestibles
 c - 3 bread rations
 g - 2 meat rations
 o - 2 chunks of flesh
 s - a slice of pizza
 z - a beef jerky


   Skills:
 - Level 2.4 Dodging
 - Level 2.4 Stealth
 + Level 5.8 Spellcasting
 * Level 7.3 Conjurations
 + Level 2.8 Charms


You had 6 spell levels left.
You knew the following spells:

 Your Spells              Type           Power        Failure   Level  Hunger
a - Magic Dart            Conj           ####         1%          1    None
b - Iskenderun's Mystic   Conj           #####...     8%          4    ####...
c - Iskenderun's Battles  Conj/Chrm      ####....     38%         5    #####..


Dungeon Overview and Level Annotations

Branches:
Dungeon (4/15)
 Temple: D:4-7

Altars:
Pakellas
Vehumet
Xom
Yredelemnul

Annotations:
D:1 exclusion: downstairs
D:2 Sigmund


Message History

Aimin': Magic Dart
Press: ? - help, Shift-Dir - straight line, f/p - orc wizard
Aim: an orc wizard, wieldin' a dagger an' wearin' a robe (lightly wounded) Tha magic dart hits tha orc wizard.
Tha orc wizard be severely wounded.
Tha orc wizard hits ye wit' a dagger.
* * * LOW HITPOINT WARNIN'
* * * Attack whom?
Press: ? - help, Dir - move target cursor, f/p - orc wizard
Aim: an orc wizard, wieldin' a dagger an' wearin' a robe (severely wounded) Ye closely miss tha orc wizard.
Tha orc wizard be severely wounded.
Attack whom?
Press: ? - help, Dir - move target cursor, f/p - orc wizard
Aim: an orc wizard, wieldin' a dagger an' wearin' a robe (severely wounded) Ye hit tha orc wizard.
Tha orc wizard be severely wounded.
Tha orc wizard gestures at ye while chantin'.
Tha puff o' flame hits ye!
Ye die...

# #. #..###...##....#
##..##.##..###...##....#
...†....#....#.........#
..o.).oo'....#.........#
........#)...#.........#
.......##...##...#######
#########)..##...##....#
#.....##oo..#.........#
.##......@....#.........#
.<............#.........#
..............#......(..#
..............#.........#
..............#...##..>.#
........##...##...##....#
.##.....#########'##....#
##.....##........#.....#
#................#.....##


You could see an orc wizard and an orc.

Vanquished Creatures
  2 ogres (D:4)
  An orc wizard (D:4)
  2 orc priests (D:3)
  Jessica (D:2)
  2 gnolls (D:4)
  3 adders
  An ooze (D:3)
  5 dart slugs
  3 giant geckos
  5 orcs
  A giant cockroach (D:1)
  4 goblins
  10 hobgoblins
  8 jackals
  5 kobolds
  2 ball pythons
  9 bats
  3 giant newts (D:1)
  8 rats
75 creatures vanquished.

Notes
Turn   | Place    | Note
--------------------------------------------------------------
     0 | D:1      | Heedrag the Deep Elf Conjurer began the quest for the Orb.
     0 | D:1      | Reached XP level 1. HP: 10/10 MP: 6/6
   148 | D:1      | Reached XP level 2. HP: 3/15 MP: 0/8
   479 | D:1      | Reached skill level 5 in Conjurations
   920 | D:1      | Reached XP level 3. HP: 19/19 MP: 3/10
  1052 | D:2      | Noticed Sigmund
  1156 | D:2      | Noticed Jessica
  1159 | D:2      | Killed Jessica
  1184 | D:2      | Reached XP level 4. HP: 24/24 MP: 4/12
  1207 | D:2      | Learned a level 4 spell: Iskenderun's Mystic Blast
  1370 | D:2      | Found a radiant altar of Vehumet.
  1370 | D:2      | Found a basalt altar of Yredelemnul.
  1376 | D:2      | Found a shimmering altar of Xom.
  1385 | D:2      | Became a worshipper of Vehumet
  1749 | D:3      | Reached skill level 6 in Conjurations
  2023 | D:3      | Reached * piety under Vehumet
  2023 | D:3      | Offered knowledge of Sting by Vehumet.
  2132 | D:3      | Found an oddly glowing altar of Pakellas.
  2294 | D:4      | Noticed an ogre
  2303 | D:4      | Killed an ogre
  2303 | D:4      | Reached skill level 5 in Spellcasting
  2303 | D:4      | Reached XP level 5. HP: 28/28 MP: 7/14
  2318 | D:4      | Learned a level 5 spell: Iskenderun's Battlesphere
  2373 | D:3      | Reached skill level 1 in Charms
  2373 | D:3      | Reached XP level 6. HP: 10/32 MP: 9/16
  2630 | D:4      | Reached skill level 7 in Conjurations
  2726 | D:4      | Killed from afar by an orc wizard

Skill      XL: |  1  2  3  4  5  6 |
---------------+-------------------+-----
Conjurations   | 5 6 7 |  7.3
Spellcasting   | 4 5 |  5.8
Charms         | 1 2 |  2.8
Dodging        | |  2.4
Stealth        | |  2.4

Action                   |  1- 3 |  4- 6 || total
-------------------------+-------+-------++-------
Melee: Mace              |     5 |       ||     5
       Trident           |       |     4 ||     4
 Cast: Magic Dart        |    61 |   111 ||   172
       Iskenderun's Myst |       |     1 ||     1
  Eat: Chunk             |     1 |     4 ||     5
Armor: Robe              |     1 |     3 ||     4
Dodge: Dodged            |     6 |    22 ||    28
